 Dungeon Crawl Stone Soup version 0.21.0-26-g889b8f6 (webtiles) character file.

81 nikopol the Covered (level 4, -7/29 HPs)
             Began as a Gargoyle Fighter on Jan 27, 2018.
             Mangled by an orc warrior
             ... wielding a +0 mace
              (13 damage)
             ... on level 6 of the Dungeon.
             The game lasted 00:05:57 (1775 turns).

nikopol the Covered (Gargoyle Fighter)              Turns: 1775, Time: 00:05:58

Health: -7/29      AC: 12    Str: 24    XL:     4   Next: 42%
Magic:  4/4        EV:  7    Int:  9    God:
Gold:   139        SH:  9    Dex: 10    Spells: 3/3 levels left

rFire    . . .     SeeInvis .   a - +0 war axe
rCold    . . .     Gourm    .   c - +0 shield
rNeg     + . .     Faith    .   e - +2 scale mail {rPois}
rPois    ∞         Spirit   .   (no helmet)
rElec    +         Reflect  .   (no cloak)
rCorr    .         Harm     .   (no gloves)
MR       .....                  (no boots)
Stlth    ..........             (no amulet)
HPRegen  0.09/turn              (no ring)
MPRegen  0.09/turn              (no ring)

@: mighty
A: negative energy resistance 1, electricity resistance, unbreathing,
petrification resistance, rot immunity, AC +3
a: no special abilities


You were on level 6 of the Dungeon.
You were not hungry.

You visited 1 branch of the dungeon, and saw 4 of its levels.

You collected 139 gold pieces.

Inventory:

Hand Weapons
 a - a +0 war axe (weapon)
Armour
 b - a +0 scale mail
 c - a +0 shield (worn)
 e - a +2 scale mail of poison resistance (worn)
Wands
 o - a wand of acid (4)
 v - a wand of random effects (26)
Scrolls
 g - 4 scrolls of identify {unknown}
 h - a scroll of enchant armour {unknown}
 j - 3 scrolls of immolation {unknown}
 k - a scroll of remove curse {unknown}
 l - a scroll of magic mapping {unknown}
 m - 4 scrolls of teleportation {unknown}
 n - a scroll of blinking {unknown}
 p - a scroll of fog {unknown}
 r - 2 scrolls of amnesia {unknown}
 s - a scroll of random uselessness {unknown}
 u - a scroll of fear {unknown}
Potions
 i - a potion of heal wounds {unknown}
 q - 2 potions of mutation {unknown}
 t - a potion of curing {unknown}
Comestibles
 f - 2 rations
 w - 6 chunks of flesh


   Skills:
 + Level 3.7 Fighting
 + Level 2.7 Axes
 + Level 4.0 Armour
 + Level 0.5 Dodging
 + Level 3.8 Shields


You had 3 spell levels left.
You didn't know any spells.

Dungeon Overview and Level Annotations

Branches:
Dungeon (3/15)

Altars:


Innate Abilities, Weirdness & Mutations

You are resistant to torment.
Your stone body is resilient. (AC +3)
You are immune to poison.
You resist negative energy. (rN+)
You are resistant to electric shocks. (rElec)
You can survive without breathing.
You are immune to petrification.
You are immune to rotting.


Message History

You slash the orc warrior!
The orc warrior is moderately wounded.
The orc warrior hits you but does no damage.
Your shield and scale mail prevent you from hitting the orc warrior.
The orc warrior is moderately wounded.
The orc warrior hits you with a mace! You block the orc warrior's attack.
Your shield and scale mail prevent you from hitting the orc warrior.
The orc warrior is moderately wounded.
You block the orc warrior's attack.
You hit the orc warrior.
The orc warrior is moderately wounded.
The orc warrior hits you with a mace!
* * * LOW HITPOINT WARNING * * *
You completely miss the orc warrior.
The orc warrior is moderately wounded.
You block the orc warrior's attack.
You barely miss the orc warrior.
The orc warrior is moderately wounded.
The orc warrior hits you with a mace!
You die...

###########
..........#########
##............
#........#....
#.####...##.##
####.####...###.. #
#.......#...##)#.
#.##o##)##.##.#...#...#
#...Fo@....# #..#.##.#
####.##.#### #..#.##.#
# #.# # ##. #.# . #.# #
#.# #.# .#


You could see an orc warrior, a bullfrog and an orc.

Vanquished Creatures
  An adder (D:2)
  An ooze (D:1)
  A worm (D:2)
  2 dart slugs
  A leopard gecko (D:3)
  3 orcs
  8 bats
  2 giant cockroaches
  9 hobgoblins
  6 kobolds
  6 frilled lizards
  9 goblins
  4 rats
53 creatures vanquished.

Notes
Turn   | Place    | Note
-------+----------+-------------------------------------------
     0 | D:1      | nikopol the Gargoyle Fighter began the quest for the Orb.
     0 | D:1      | Reached XP level 1. HP: 14/14 MP: 1/1
    78 | D:1      | Reached XP level 2. HP: 19/19 MP: 2/2
   516 | D:1      | Reached XP level 3. HP: 24/24 MP: 3/3
  1144 | D:2      | Reached XP level 4. HP: 29/29 MP: 4/4
  1722 | D:3      | You fall through a shaft for 3 floors!
  1759 | D:6      | Reached skill level 4 in Armour
  1764 | D:6      | Noticed an orc warrior
  1764 | D:6      | Noticed a bullfrog
  1775 | D:6      | Mangled by an orc warrior

Skill      XL: |  1  2  3  4 |
---------------+-------------+-----
Axes           | 2 |  2.7
Armour         | 4 |  4.0
Fighting       | |  3.7
Dodging        | |  0.5
Shields        | |  3.8

Action                   |  1- 3 |  4- 6 || total
-------------------------+-------+-------++-------
Melee: War axe           |   118 |    91 ||   209
  Use: Potion            |       |     1 ||     1
  Eat: Chunk             |       |     3 ||     3
Armor: Scale mail        |    76 |    63 ||   139
Dodge: Dodged            |    43 |    31 ||    74
Block: Shield            |    79 |    62 ||   141
